 Dungeon Crawl Stone Soup version 0.28.0-53-g5a82cb258f (webtiles) character file.

Game seed: 15291635322486806021

3085 pkoi the Martial Artist (level 9, -2/67 HPs)
             Began as a Demigod Warper on May 24, 2022.
             Killed by nerve-wracking pain
             ... invoked by an orc priest
              (10 damage)
             ... on level 6 of the Dungeon.
             The game lasted 00:21:56 (16695 turns).

pkoi the Martial Artist (Demigod Warper)           Turns: 16695, Time: 00:21:57

Health: -2/67      AC:  5    Str: 12    XL:     9   Next: 33%
Magic:  10/16      EV: 16    Int: 27    God:
Gold:   247        SH:  0    Dex: 13    Spells: 3/14 levels left

rFire   . . .      SeeInvis .     - Unarmed
rCold   + . .      Faith    .   (no shield)
rNeg    . . .      Spirit   .   a - +0 leather armour
rPois   .          Reflect  .   (helmet currently unavailable)
rElec   .          Harm     .   p - +1 cloak
rCorr   .          Rampage  .   (no gloves)
Will    .....                   (boots currently unavailable)
Stlth   +.........              (no amulet)
HPRegen 0.21/turn               x - +4 ring of evasion
MPRegen 0.15/turn               v - ring of protection from cold

@: appendages
A: horns 2, talons 2, high MP 1, forlorn, divine attributes
a: End Transformation


You were on level 6 of the Dungeon.
You had temporarily grown beastly horns and talons.
You visited 1 branch of the dungeon, and saw 7 of its levels.
You also visited: Sewer.

You collected 391 gold pieces.
You spent 144 gold pieces at shops.

Inventory:

Hand Weapons
 d - a +1 mace of freezing
 f - a +0 hand axe
 g - a +1 whip of freezing
 t - a +2 short sword of draining
Missiles
 c - 5 boomerangs of dispersal
 o - 4 boomerangs
 w - a throwing net
Armour
 a - a +0 leather armour (worn)
 n - the +1 robe "Lestaedgh" {Harm rElec}
   (You found it in a sewer)

   rElec:     It insulates you from electricity.
   Harm:      It increases damage dealt and taken.
 p - a +1 cloak (worn)
 A - a +2 helmet (melded)
 B - +0 steam dragon scales
Jewellery
 k - a ring of see invisible
 v - a ring of protection from cold (right hand)
 x - a +4 ring of evasion (left hand)
 y - an amulet of reflection
Wands
 e - a wand of iceblast (5)
Scrolls
 b - 3 scrolls of blinking
 h - a scroll of amnesia
 i - 7 scrolls of teleportation
 r - 2 scrolls of fear
 u - 2 scrolls of identify
Potions
 j - a potion of haste
 l - a potion of invisibility
 m - a potion of ambrosia
 q - 3 potions of curing
 s - a potion of magic
 z - a potion of flight


   Skills:
 - Level 1.7 Fighting
 - Level 0.8 Throwing
 - Level 4.0 Armour
 + Level 2.4 Dodging
 + Level 8.5 Unarmed Combat
 - Level 3.0 Spellcasting
 + Level 7.3 Translocations
 - Level 3.0 Transmutations


You had 3 spell levels left.
You knew the following spells:

 Your Spells              Type           Power      Damage    Failure   Level
a - Blink                 Tloc           86%        N/A       1%          2
b - Gell's Gravitas       Tloc           43%        N/A       1%          3
c - Beastly Appendage     Tmut           40%        N/A       3%          1
d - Manifold Assault      Tloc           43%        N/A       16%         5

Your spell library contained the following spells:

 Spells                   Type           Power      Damage    Failure   Level
 Lesser Beckoning         Tloc           43%        N/A       1%          3
 Teleport Other           Tloc           43%        N/A       1%          3
 Wereblood                Tmut           20%        N/A       4%          2
 Spider Form              Tmut/Pois      12%        N/A       19%         3
 Ignite Poison            Fire/Tmut/Pois 9%         N/A       22%         3
 Conjure Flame            Conj/Fire      4%         6-21      32%         3
 Sticky Flame             Conj/Fire      4%         2d3       73%         4
 Summon Lightning Spire   Summ/Air       4%         N/A       73%         4
 Storm Form               Tmut/Air       6%         N/A       100%        7
 Maxwell's Capacitive Co  Air            2%         ∞         100%        8


Dungeon Overview and Level Annotations

Branches:
Dungeon (7/15)             Temple (0/1) D:4           Sewer (visited)

Shops:
D:6 !**[

Annotations:
D:3 1 runed translucent door, Zeld's ghost, amateur DEFE
D:5 1 runed translucent door, bnorton916's ghost, novice DjFE


Innate Abilities, Weirdness & Mutations

You have temporarily grown beastly horns and talons.
You have an increased reservoir of magic. (+10% MP)
You shall have no god before yourself.
Your divine heritage dramatically boosts your attributes as you level up.


Message History

* * * LOW HITPOINT WARNING * * *
You hit the orc priest but do no damage.
Your kick misses the orc priest.
The orc priest is moderately wounded.
The orc priest hits you but does no damage.
The orc misses you.
You hit the orc priest but do no damage.
The orc priest is moderately wounded.
The orc priest barely misses you.
The orc hits you from afar with a +0 trident.
* * * LOW HITPOINT WARNING * * *
You hit the orc priest but do no damage.
You claw the orc priest, but do no damage.
Your punch misses the orc priest.
The orc priest is moderately wounded.
The orc priest barely misses you. The orc barely misses you.
Casting: Beastly Appendage (safe; 3% risk of failure)
Confirm with . or Enter, or press ? or * to list all spells.
Aiming: Gell's Gravitas (safe; 1% risk of failure)
Press: ? - help, Dir - move target, f - orc priest
Aim: an orc priest, wielding a +0 hand axe and wearing a +0 chain mail (moderately wounded) Gravity reorients around the orc priest.
The orc collides with the orc priest!
The orc priest is heavily wounded.
The orc is almost dead.
The orc priest hits you but does no damage.
The orc misses you.
Unknown command.
Casting: Gell's Gravitas (safe; 1% risk of failure)
Confirm with . or Enter, or press ? or * to list all spells.
Aiming: Gell's Gravitas (safe; 1% risk of failure)
Press: ? - help, Dir - move target, f/p - orc priest
Aim: an orc priest, wielding a +0 hand axe and wearing a +0 chain mail (heavily wounded) Gravity reorients around the orc priest.
The orc collides with the orc priest!
The orc priest is heavily wounded.
You kill the orc!
The orc priest mumbles some strange prayers to Beogh against you.
Pain shoots through your body!
You die...

#..#### ##### #.#[#.###.#.##.
##.# #...# #.#.#.# #5#.##. #.#
#...# #.#.#.# #.#.##. #.# #...#
#.#.#.# #o#@##. ##.# ##...#
#.#.#.# #.#(...
##.######.∩..######.#.#.# #.#####
............)..)>...#.#.# #..)...
###.####.#....##o####∩#.#########
# #.## #.#....##@# #.#..........
# #..# #.####.##.# #.###########
# ##.###.####.##.# #(###### #
#..##.#....##.# #......# #
##.##.#....##.#########.#
#.##.#....##.##.[...##.#
#..#(.....##.##.....##.#
######.#......##.##.....##.#
.....#..................'..#


You could see an orc priest.

Vanquished Creatures
  Pikel (D:3)
  Sigmund (D:6)
  A yak (D:6)
  A steam dragon (D:7)
  2 water moccasins
  2 sky beasts
  3 ice beasts
  A necrophage (D:6)
  A centaur (D:6)
  3 lemures
  A phantom (D:4)
  A bullfrog (Sewer)
  4 scorpions
  A wyvern zombie (D:6)
  2 wyvern skeletons
  3 water moccasin skeletons
  A centaur zombie (D:7)
  A jelly (D:5)
  3 hounds
  An orc priest (D:6)
  A gnoll shaman (D:6)
  2 iguanas (D:5)
  An orc wizard (D:6)
  A hound skeleton (D:4)
  8 adders
  7 gnolls
  A shadow imp (D:6)
  A white imp (D:6)
  An ufetubus (D:5)
  An adder skeleton (D:5)
  2 worms (D:4)
  3 dart slugs
  12 orcs
  12 ball pythons
  8 bats
  8 endoplasms
  11 giant cockroaches
  4 goblins
  5 hobgoblins
  8 jackals
  5 kobolds
  7 quokkas
  8 frilled lizards
  5 rats
  A spectral goblin (D:3)
157 creatures vanquished.

Vanquished Creatures (collateral kills)
  A bullfrog (D:7)
1 creature vanquished.

Vanquished Creatures (others)
  A sky beast (D:6)
1 creature vanquished.

Grand Total: 159 creatures vanquished

Notes
Turn   | Place    | Note
-------+----------+-------------------------------------------
     0 | D:1      | pkoi the Demigod Warper began the quest for the Orb.
     0 | D:1      | Reached XP level 1. HP: 17/17 MP: 5/5
    56 | D:1      | Reached skill level 2 in Unarmed Combat
    60 | D:1      | You fall into a shaft and drop 1 floor!
    87 | D:2      | Reached XP level 2. HP: 17/24 MP: 7/7
   422 | D:1      | Reached skill level 3 in Unarmed Combat
  1531 | D:1      | Reached XP level 3. HP: 27/29 MP: 8/8
  1572 | D:1      | Learned a level 2 spell: Blink
  1576 | D:1      | Learned a level 3 spell: Gell's Gravitas
  3169 | D:2      | Reached XP level 4. HP: 36/36 MP: 9/9
  3211 | D:2      | Learned a level 1 spell: Beastly Appendage
  3472 | D:3      | Found a runed translucent door.
  3474 | D:3      | Noticed a bullfrog
  3475 | D:3      | Noticed Zeld's ghost (amateur DEFE)
  4783 | D:4      | Found a glowing drain.
  4797 | Sewer    | Entered a sewer
  5239 | Sewer    | Reached skill level 4 in Unarmed Combat
  5239 | Sewer    | Reached skill level 1 in Transmutations
  5291 | Sewer    | Reached XP level 5. HP: 40/41 MP: 11/11
  5982 | Sewer    | Identified the +1 robe "Lestaedgh" {Harm rElec}
  6393 | D:4      | Reached XP level 6. HP: 29/48 MP: 12/12
  6719 | D:4      | Noticed Pikel
  7903 | D:4      | Found a staircase to the Ecumenical Temple.
  8066 | D:3      | HP: 1/48 [hound (3)]
  8904 | D:5      | Entered Level 5 of the Dungeon
  9355 | D:5      | Reached skill level 5 in Unarmed Combat
  9880 | D:5      | Found a runed translucent door.
  9883 | D:5      | Noticed bnorton916's ghost (novice DjFE)
  9923 | D:5      | Reached XP level 7. HP: 23/53 MP: 13/13
 11307 | D:5      | Reached skill level 6 in Unarmed Combat
 12612 | D:5      | Learned a level 5 spell: Manifold Assault
 12652 | D:6      | Reached skill level 5 in Translocations
 12654 | D:6      | Found Unub's Distillery.
 12802 | D:6      | Bought a potion of mutation for 104 gold pieces
 12802 | D:6      | Bought a potion of degeneration for 13 gold pieces
 12811 | D:6      | Noticed Sigmund
 12888 | D:6      | Found Juet Tuc's Assorted Antiques.
 12896 | D:6      | Bought a scroll labelled EGAXAC ONOOX for 27 gold pieces
 12923 | D:6      | Found Pikhoz's General Store.
 12937 | D:6      | Reached skill level 1 in Armour
 12995 | D:6      | Reached XP level 8. HP: 25/60 MP: 7/15
 13423 | D:6      | Found Xuduil's Antique Armour Shop.
 13649 | D:6      | Killed Sigmund
 13650 | D:6      | Reached skill level 7 in Unarmed Combat
 14835 | D:3      | Killed Pikel
 14836 | D:3      | Reached XP level 9. HP: 18/67 MP: 16/16
 15762 | D:7      | Reached skill level 8 in Unarmed Combat
 16695 | D:6      | Killed from afar by an orc priest

Illustrated notes

Levels and vault maps discovered:
D:1:      dpeg_arrival_tiny_j, layout_rooms, minmay_misc_feat_nine_boxes,
          nrook_mini_backslash, minmay_misc_feat_five
D:2:      layout_loops_ring, basic_altar
D:3:      layout_basic, amcnicky_altar_gilded, ebering_ghost_sewer_d,
          dreamdust_ecumenical_altar_drowned_temple
D:4:      layout_basic, lemuel_tele_altar, temple_green,
          cheibrodos_sewer_entry_drain, uniq_pikel
D:5:      layout_loops_cross, grunt_temple_overflow_open,
          ebering_ghost_reflecting_pool
D:6:      layout_basic, serial_shops, shop, nicolae_shop_crystal,
          nicolae_shop_window_shopping, shop, uniq_sigmund
D:7:      layout_loops_ring, kennysheep_nub, kennysheep_decorative_pillar,
          minmay_checkerbox

Skill      XL: |  1  2  3  4  5  6  7  8  9 |
---------------+----------------------------+-----
Unarmed Combat | 2 3 4 5 6 7 8 |  8.5
Translocations | 3 4 5 6 7 |  7.3
Spellcasting   | 2 3 |  3.0
Transmutations | 1 2 3 |  3.0
Armour         | 1 4 |  4.0
Dodging        | 2 |  2.4
Fighting       | |  1.7
Throwing       | |  0.8

Action                   |  1- 3 |  4- 6 |  7- 9 || total
-------------------------+-------+-------+-------++-------
Melee: Mace              |   195 |   182 |     9 ||   386
       Punch             |     2 |     7 |    13 ||    22
       Headbutt          |       |    23 |    18 ||    41
       Kick              |       |    32 |    44 ||    76
       Short sword       |       |    39 |    74 ||   113
       Unarmed           |       |       |   106 ||   106
 Cast: Beastly Appendage |       |    28 |    20 ||    48
       Gell's Gravitas   |       |    11 |    21 ||    32
       Blink             |       |     5 |     2 ||     7
Evoke: Wand              |       |       |     6 ||     6
  Use: Scroll            |     6 |     5 |     4 ||    15
       Potion            |     4 |     2 |       ||     6
 Stab: Sleeping          |     2 |       |       ||     2
Armor: Leather armour    |    66 |    79 |    75 ||   220
       Chain mail        |    13 |     3 |       ||    16
Dodge: Dodged            |   152 |   155 |   158 ||   465
